 Dungeon Crawl Stone Soup version 0.31-a0-1001-g770356a28f (webtiles) character file.

Game seed: 17752919664047633493

3448 Dirtsage the Cleaver (level 9, -1/63 HPs)
             Began as a Demonspawn Berserker on Nov 8, 2023.
             Was an Elder of Trog.
             Slain by a killer bee (6 damage)
             ... on level 7 of the Dungeon on Nov 9, 2023.
             The game lasted 00:07:46 (5342 turns).

Dirtsage the Cleaver (Demonspawn Berserker)         Turns: 5342, Time: 00:07:46

Health: -1/63      AC: 17    Str: 22    XL:     9   Next: 77%
Magic:  9/9        EV:  8    Int:  8    God:    Trog [****..]
Gold:   371        SH:  0    Dex: 13    Spells: 8/8 levels left

rFire   . . .        p - +0 war axe
rCold   . . .        (no shield)
rNeg    . . .        f - +0 chain mail
rPois   .            c - +0 helmet
rElec   .            o - +0 cloak
rCorr   +            t - +0 pair of gloves
SInv    .            (no boots)
Will    .....        (no amulet) Stlth
                     C - ring of resist corrosion
HPRegen 0.30/turn    n - ring of flight
MPRegen 0.11/turn

%: no passive effects
@: lethally poisoned (-1 -> -6), sanguine armoured, flying
A: hooves 2, ignite blood 2, powered by pain 1, sanguine armour 1
a: Renounce Religion, Berserk, Trog's Hand, Brothers in Arms


You were on level 7 of the Dungeon.
You worshipped Trog.
Trog was greatly pleased with you.
You visited 2 branches of the dungeon, and saw 8 of its levels.

You collected 371 gold pieces.

Inventory:

Hand Weapons
 p - a +0 war axe (weapon)
Missiles
 y - a curare-tipped dart
Armour
 c - a +0 helmet (worn)
 f - a +0 chain mail (worn)
 o - a +0 cloak (worn)
 t - a +0 pair of gloves (worn)
Jewellery
 n - a ring of flight (right hand)
 v - an amulet of magic regeneration
 C - a ring of resist corrosion (left hand)
Wands
 r - a wand of iceblast (3)
 s - a wand of flame (24)
 x - a wand of mindburst (18)
Scrolls
 a - 5 scrolls of teleportation {unknown}
 e - 2 scrolls of immolation {unknown}
 h - a scroll of silence {unknown}
 i - 7 scrolls of identify {unknown}
 k - a scroll of enchant armour {unknown}
 l - 3 scrolls of amnesia {unknown}
 m - a scroll of brand weapon {unknown}
 z - a scroll of fear {unknown}
Potions
 b - 2 potions of heal wounds {unknown}
 d - 3 potions of might
 g - a potion of enlightenment {unknown}
 j - 2 potions of degeneration {unknown}
 q - 3 potions of curing
 u - 2 potions of attraction {unknown}
 w - a potion of resistance {unknown}


   Skills:
 - Level 3.0 Fighting
 + Level 13.0 Axes
 - Level 1.7 Armour
 - Level 1.7 Dodging


You had 8 spell levels left.
You didn't know any spells.
Your spell library contained the following spells:

 Spells                   Type           Power      Damage    Failure   Level
 Poisonous Vapours        Pois/Air       0%         N/A       99%         2
 Gell's Gravitas          Tloc           0%         N/A       100%        3
 Mephitic Cloud           Conj/Pois/Air  0%         N/A       100%        3
 Teleport Other           Tloc           0%         N/A       100%        3
 Freezing Cloud           Conj/Ice/Air   0%         6-21      100%        5
 Dispersal                Tloc           0%         N/A       100%        6


Dungeon Overview and Level Annotations

Branches:
Dungeon (7/15)             Temple (1/1) D:5

Altars:
Ashenzari
Cheibriados
Dithmenos
Fedhas
Gozag
Hepliaklqana
Kikubaaqudgha
Makhleb
Nemelex Xobeh
Okawaru
Qazlal
Ru
Sif Muna
Trog
Uskayaw
Vehumet
Wu Jian
Xom
Yredelemnul

Annotations:
Temple 2 transporters


Innate Abilities, Weirdness & Mutations

You have hoof-like feet.
Your demonic aura often causes spilled blood to erupt in flames.
You sometimes gain a little power by taking damage.
When seriously injured, your blood forms armour. (AC +6)


Message History

You take 2 damage, and have 19/63 hp.
You closely miss the killer bee.
The killer bee is almost dead.
You feel sick.
The killer bee stings you but does no damage.
You take 2 damage, and have 17/63 hp.
You barely miss the killer bee.
The killer bee is almost dead.
You feel sick.
The killer bee stings you but does no damage.
The killer bee barely misses you.
You take 1 damage, and have 16/63 hp.
You slice the killer bee!!
You kill the killer bee!
Trog accepts your kill.
You feel sick. The killer bee barely misses you.
You take 1 damage, and have 15/63 hp.
You slash the killer bee! Your kick misses the killer bee.
The killer bee is severely wounded.
You feel sick.
The killer bee stings you but does no damage. x2
You miss the killer bee. Your kick misses the killer bee.
The killer bee is severely wounded.
You feel sick.
The killer bee stings you but does no damage. x2
You take 1 damage, and have 14/63 hp.
You closely miss the killer bee.
The killer bee is severely wounded.
You feel sick. The killer bee stings you.
* * * LOW HITPOINT WARNING * * *
You are lethally poisoned!
The killer bee poisons you!
You take 7 damage, and have 7/63 hp.
You barely miss the killer bee. Your kick misses the killer bee.
The killer bee is severely wounded.
* * * LOW HITPOINT WARNING * * *
You feel sick.
The killer bee stings you but does no damage.
The killer bee stings you.
You die...

. ############.... ##
###.......@yy.....
.######...##############
........### ..####...#
.........# .#####...# .#
##### .# .#


You could see 2 killer bees.

Vanquished Creatures
  Pikel (D:6)
  Grinder (D:4)
  Sigmund (D:2)
  A steam dragon (D:6)
  An orc warrior (D:6)
  4 sky beasts
  A black bear (D:5)
  2 ogres
  A centaur (D:7)
  2 lemures (D:6)
  A phantom (D:5)
  Blork the orc (D:5)
  3 bullfrogs
  A kobold brigand (D:7)
  A gnoll sergeant (D:6)
  2 scorpions
  3 killer bees (D:7)
  A jelly (D:6)
  5 hounds
  2 gnoll boudas
  4 orc priests
  Ijyb (D:3)
  3 iguanas
  5 orc wizards
  Robin (D:3)
  20 gnolls
  8 adders
  2 white imps
  A worm (D:4)
  2 dart slugs
  18 orcs
  5 ball pythons
  3 bats
  4 endoplasms
  4 giant cockroaches
  15 goblins
  8 hobgoblins
  12 kobolds
  3 quokkas
  5 frilled lizards
  6 rats
165 creatures vanquished.

Vanquished Creatures (others)
  2 lemures (D:6)
  A gnoll (D:6)
3 creatures vanquished.

Grand Total: 168 creatures vanquished

Notes
Turn   | Place    | Note
-------+----------+-------------------------------------------
     0 | D:1      | Dirtsage the Demonspawn Berserker began the quest for the
                  | Orb.
     0 | D:1      | Reached XP level 1. HP: 18/18 MP: 1/1
    78 | D:1      | Reached skill level 3 in Axes
   276 | D:1      | Gained mutation: You have large cloven feet. [demonic
                  | ancestry]
   276 | D:1      | Reached XP level 2. HP: 15/24 MP: 2/2
   693 | D:1      | Reached ** piety under Trog
   949 | D:2      | Noticed Sigmund
   959 | D:2      | Killed Sigmund
   960 | D:2      | Reached skill level 5 in Axes
   960 | D:2      | Gained mutation: Your demonic aura sometimes causes spilled
                  | blood to erupt in flames. [demonic ancestry]
   960 | D:2      | Reached XP level 3. HP: 27/29 MP: 3/3
   960 | D:2      | Gained mutation: You sometimes gain a little power by
                  | taking damage. [demonic ancestry]
   960 | D:2      | Reached XP level 4. HP: 33/35 MP: 4/4
   960 | D:2      | Gained mutation: Your demonic aura often causes spilled
                  | blood to erupt in flames. [demonic ancestry]
   960 | D:2      | Reached XP level 5. HP: 38/41 MP: 5/5
  1686 | D:3      | Noticed Robin
  1692 | D:3      | Reached skill level 6 in Axes
  1702 | D:3      | Killed Robin
  1703 | D:3      | Gained mutation: When seriously injured, your blood forms
                  | armour. (AC +6) [demonic ancestry]
  1703 | D:3      | Reached XP level 6. HP: 12/47 MP: 6/6
  2185 | D:3      | Noticed Ijyb
  2189 | D:3      | Killed Ijyb
  2574 | D:4      | Noticed Grinder
  2595 | D:4      | Killed Grinder
  2596 | D:4      | Reached skill level 7 in Axes
  2596 | D:4      | Reached XP level 7. HP: 52/52 MP: 7/7
  2629 | D:4      | You are sucked into a shaft and drop 1 floor!
  2629 | D:5      | Entered Level 5 of the Dungeon
  2668 | D:5      | Found a hide-covered altar of Uskayaw.
  2669 | D:5      | Found a basalt altar of Yredelemnul.
  2683 | D:5      | Reached *** piety under Trog
  2684 | D:5      | Reached skill level 8 in Axes
  3366 | D:5      | Found a staircase to the Ecumenical Temple.
  3375 | Temple   | Found a transporter.
  3375 | Temple   | Found a transporter.
  3375 | Temple   | Found a transporter.
  3375 | Temple   | Found a transporter.
  3375 | Temple   | Entered the Ecumenical Temple
  3471 | D:5      | Reached skill level 9 in Axes
  3471 | D:5      | Gained mutation: You have hoof-like feet. [demonic
                  | ancestry]
  3471 | D:5      | Reached XP level 8. HP: 55/58 MP: 8/8
  3893 | D:5      | Noticed Blork the orc
  3900 | D:5      | Killed Blork the orc
  4105 | D:5      | Found an iron altar of Okawaru.
  4185 | D:6      | Reached skill level 10 in Axes
  4238 | D:6      | Noticed Pikel
  4250 | D:6      | Killed Pikel
  4251 | D:6      | Reached skill level 11 in Axes
  4251 | D:6      | Reached XP level 9. HP: 44/63 MP: 9/9
  4621 | D:6      | Reached skill level 12 in Axes
  4622 | D:6      | Reached **** piety under Trog
  4714 | D:6      | Found a sparkling altar of Nemelex Xobeh.
  5141 | D:7      | Found a blossoming altar of Fedhas.
  5323 | D:7      | Reached skill level 13 in Axes
  5342 | D:7      | Slain by a killer bee

Illustrated notes

Levels and vault maps discovered:
D:1:      shiori_arrival_oz, layout_loops_ring
D:2:      layout_basic, uniq_sigmund
D:3:      layout_rooms, serial_glass, glass_columns_a, glass_columns_c,
          glass_columns_c, glass_columns_c, glass_columns_a, glass_columns_c,
          glass_columns_a, glass_columns_a, glass_columns_b, glass_columns_a,
          glass_columns_c, glass_columns_a, glass_columns_a, glass_columns_b,
          moated_statue, uniq_robin, uniq_ijyb
D:4:      layout_rooms, uniq_grinder
D:5:      layout_cave_pods, mainiacjoe_overflow_big_doors,
          nicolae_overflow_two_pavilions, minmay_temple_entry_stoned_glass,
          uniq_blork_the_orc
D:6:      layout_rooms, mainiacjoe_overflow_concentric_impassable,
          item_on_display_a, uniq_pikel
D:7:      layout_rooms, mainiacjoe_overflow_tiny_flanked
Temple:   hellmonk_temple_divided_pantheon

Skill      XL: |  1  2  3  4  5  6  7  8  9 |
---------------+----------------------------+-----
Axes           | 3 5 6 7 9 11 13 | 13.0
Fighting       | |  3.0
Armour         | |  1.7
Dodging        | |  1.7

Action                     |  1- 3 |  4- 6 |  7- 9 || total
---------------------------+-------+-------+-------++-------
  Melee: Hand axe          |    58 |    61 |       ||   119
         Punch             |     1 |       |     3 ||     4
         Kick              |     5 |    23 |    65 ||    93
         War axe           |       |    42 |   263 ||   305
 Invoke: Berserk           |     1 |     3 |     5 ||     9
    Use: Potion            |       |       |     2 ||     2
 Armour: Animal skin       |    13 |       |       ||    13
         Chain mail        |    25 |    91 |   267 ||   383
  Dodge: Dodged            |    19 |    48 |   116 ||   183

Table legend: (Time is in decaauts)
 A = Elapsed time spent in this place.
 B = Non-inter-level travel time spent in this place.
 C = Inter-level travel time spent in this place.
 D = Time resting spent in this place.
 E = Time spent auto-exploring this place.
 F = Levels seen in this place.
 G = Mean time per level.
                   A        B        C        D        E       F      G
               +--------+--------+--------+--------+--------+-----+--------+
         Total |   5428 |   5344 |     84 |    423 |   4077 |   8 |  678.5 |
       Dungeon |   5426 |   5342 |     84 |    423 |   4077 |   7 |  775.1 |
        Temple |      1 |      1 |      0 |      0 |      0 |   1 |    1.0 |
               +--------+--------+--------+--------+--------+-----+--------+

Top non-repeatable levels by time:
     D:5: 1146 daAuts
     D:1: 913 daAuts
     D:6: 912 daAuts
     D:3: 760 daAuts
     D:2: 715 daAuts
     D:4: 714 daAuts
     D:7: 262 daAuts
  Temple: 1 daAuts
